 Dungeon Crawl Stone Soup version 0.20.0-9-g8272e65 (webtiles) character file.

110 JarielCorvus the Magician (level 4, -5/24 HPs)
             Began as a Deep Elf Wizard on June 3, 2017.
             Splashed by Ijyb's acid (11 damage)
             ... on level 3 of the Dungeon.
             The game lasted 00:05:41 (2132 turns).

JarielCorvus the Magician (Deep Elf Wizard)         Turns: 2132, Time: 00:05:41

Health: -5/24      AC: -2    Str:  4    XL:     4   Next: 61%
Magic:  4/14       EV: 13    Int: 24    God:
Gold:   45         SH:  0    Dex: 13    Spells: 4/15 levels left

rFire    . . .     SeeInvis .   g - +1 spear
rCold    . . .     Gourm    .   (no shield)
rNeg     . . .     Faith    .   a - +0 robe
rPois    .         Spirit   .   b - +0 hat
rElec    .         Reflect  .   (no cloak)
rCorr    .         Harm     .   (no gloves)
MR       .....                  (no boots)
Stlth    ++........             (no amulet)
Regen    0.1/turn               p - ring of flight
MPRegen  0.2/turn               (no ring)

@: corroded
A: no striking features
a: Evoke Flight


You were on level 3 of the Dungeon.
You were very hungry.

You visited 1 branch of the dungeon, and saw 3 of its levels.

You collected 45 gold pieces.

Inventory:

Hand Weapons
 g - a +1 spear (weapon)
Armour
 a - a +0 robe (worn)
 b - a +0 hat (worn)
 i - quicksilver dragon scales
 v - a +0 cloak
Jewellery
 h - an uncursed amulet of guardian spirit {unknown}
 n - an uncursed amulet of rage {unknown}
 p - a ring of flight (left hand)
Scrolls
 f - a scroll of amnesia
 j - 4 scrolls of magic mapping
 o - 5 scrolls of teleportation
Potions
 e - a potion of brilliance
 k - a potion of haste
 q - 3 potions of heal wounds
Books
 c - a book of Minor Magic

   Spells                             Type                      Level
   a - Magic Dart                     Conjuration                  1
   b - Blink                          Translocation                2
   c - Call Imp                       Summoning                    2
   d - Slow                           Hexes                        2
   e - Conjure Flame                  Conjuration/Fire             3
   f - Mephitic Cloud                 Conjuration/Poison/Air       3
Comestibles
 d - a bread ration
 m - 4 meat rations
 s - a fruit
 w - a royal jelly


   Skills:
 - Level 2.4 Dodging
 - Level 2.4 Stealth
 * Level 6.4 Spellcasting
 + Level 3.1 Conjurations
 - Level 1.1 Summonings
 - Level 1.1 Translocations


You had 4 spell levels left.
You knew the following spells:

 Your Spells              Type           Power        Failure   Level  Hunger
a - Magic Dart            Conj           ###.         2%          1    None
b - Blink                 Tloc           N/A          8%          2    None
c - Call Imp              Summ           ##......     8%          2    None
d - Conjure Flame         Conj/Fire      ###.....     12%         3    None
e - Mephitic Cloud        Conj/Pois/Air  ##......     16%         3    None


Dungeon Overview and Level Annotations

Branches:
Dungeon (3/15)

Altars:

Annotations:
D:3 Ijyb


Message History

Ijyb hits you with a club.
Casting: Magic Dart
Confirm with . or Enter, or press ? or * to list all spells.
Aiming: Magic Dart
Press: ? - help, Shift-Dir - straight line, f/p - Ijyb
Aim: Ijyb, wielding a club and wearing a leather armour (heavily wounded)
The magic dart hits Ijyb.
Ijyb is severely wounded.
Ijyb barely misses you.
Casting: Magic Dart
Confirm with . or Enter, or press ? or * to list all spells.
Aiming: Magic Dart
Press: ? - help, Shift-Dir - straight line, f/p - Ijyb
Aim: Ijyb, wielding a club and wearing a leather armour (severely wounded)
The magic dart hits Ijyb.
Ijyb is severely wounded.
Ijyb zaps a wand.
The bolt of acid hits you!
* * * LOW HITPOINT WARNING * * *
The acid corrodes you!
You are splashed with acid!
The acid burns!
You die...

... ##.## #...# ...
... #.# #g# #. #@# #.#
##'## #.# ##...## #.#
##.....## ## #.#
##.......## ##.##.#
#.........####...#.###
+.........'...........
#.........####...#)###
##.......## ##.......


You could see Ijyb.

Vanquished Creatures
  A worker ant (D:3)
  A gnoll (D:1)
  An adder (D:2)
  An ooze (D:2)
  4 leopard geckos
  9 bats
  11 giant cockroaches
  5 goblins
  3 hobgoblins
  5 jackals
  A ball python (D:1)
  3 frilled lizards
  4 kobolds
  7 rats
56 creatures vanquished.

Notes
Turn   | Place    | Note
-------+----------+-------------------------------------------
     0 | D:1      | JarielCorvus the Deep Elf Wizard began the quest for the Orb.
     0 | D:1      | Reached XP level 1. HP: 10/10 MP: 7/7
    97 | D:1      | Reached skill level 5 in Spellcasting
    97 | D:1      | Reached XP level 2. HP: 15/15 MP: 1/10
   309 | D:1      | Learned a level 2 spell: Blink
   312 | D:1      | Learned a level 2 spell: Call Imp
   585 | D:1      | Reached XP level 3. HP: 19/19 MP: 5/11
   592 | D:1      | Learned a level 3 spell: Conjure Flame
   596 | D:1      | Learned a level 3 spell: Mephitic Cloud
  1330 | D:2      | Reached skill level 6 in Spellcasting
  1360 | D:2      | Reached XP level 4. HP: 6/24 MP: 0/14
  2122 | D:3      | Noticed Ijyb
  2132 | D:3      | Splashed by Ijyb's acid

Skill      XL: |  1  2  3  4 |
---------------+-------------+-----
Spellcasting   | 5 6 |  6.4
Conjurations   | 2 3 |  3.1
Dodging        | |  2.4
Stealth        | |  2.4
Summonings     | |  1.1
Translocations | |  1.1

Action                   |  1- 3 |  4- 6 || total
-------------------------+-------+-------++-------
Melee: Spear             |    22 |       ||    22
 Cast: Magic Dart        |    83 |    47 ||   130
  Use: Potion            |     6 |       ||     6
       Scroll            |     5 |     6 ||    11
  Eat: Chunk             |       |     2 ||     2
Armor: Robe              |    11 |     2 ||    13
Dodge: Dodged            |    37 |    12 ||    49
